 Dungeon Crawl Stone Soup version 0.30.0-5-g1a98f26d00 (webtiles) character file.

Game seed: 1362051498699758523

319211 Lobster4 the Eclecticist (level 22, -2/167 HPs)
             Began as a Djinni Fire Elementalist on May 9, 2023.
             Was the Champion of Makhleb.
             Slain by a dire elephant (32 damage)
             ... on level 1 of the Vaults.
             The game lasted 02:47:38 (40298 turns).

Lobster4 the Eclecticist (DjFE)                    Turns: 40298, Time: 02:47:38

Health: -2/167     AC: 14    Str:  9    XL:     22   Next: 42%
Gold:   3327       EV: 26    Int: 24    God:    Makhleb [******] SH: 14 Dex: 21

rFire   + + +        q - +9 mace of Egomania {spect, Fragile rCorr Dex+5 SInv}
rCold   + + .        a - +3 buckler {rF+}
rNeg    . . .        k - +1 robe "Foidye" {rPois rF+ rC++ MP-9}
rPois   ∞            Y - +2 helmet
rElec   .            N - +2 cloak
rCorr   +            u - +2 pair of gloves
SInv    +            (boots unavailable)
Will    +++..        h - amulet of reflection
Stlth   ++           r - ring of willpower
HPRegen 0.47/turn    P - ring of protection from cold
MPRegen 0.00/turn

%: reflection, infuse magic (-3 HP)
@: about to teleport, flying
A: sickness immunity, fire resistance 2, cold vulnerability 1, float, innate
caster, HP casting, extra vitality 1
}: 2/15 runes: barnacled, gossamer
a: Renounce Religion, Minor Destruction, Lesser Servant of Makhleb, Major
Destruction, Greater Servant of Makhleb


You were on level 1 of the Vaults.
You worshipped Makhleb.
Makhleb was exalted by your worship.
You visited 8 branches of the dungeon, and saw 35 of its levels.
You also visited: Bailey.

You collected 4529 gold pieces.
You spent 1202 gold pieces at shops.

Inventory:

Hand Weapons
 q - the +9 mace of Egomania (weapon) {spect, Fragile rCorr Dex+5 SInv}
   (You found it on level 4 of the Shoals)

   Dex:       It affects your dexterity (+5).
   SInv:      It lets you see invisible.
   rCorr:     It protects you from acid and corrosion.
   Fragile:   It will be destroyed if unequipped.
 v - a +2 quick blade of electrocution
 y - the +8 sling of Responsibility {heavy, rElec Dex+2}
   (You found it on level 3 of the Elven Halls)

   Dex:       It affects your dexterity (+2).
   rElec:     It insulates you from electricity.
 z - a +3 vampiric short sword
 G - a +4 dagger of draining
 Z - a +0 rapier of venom
Missiles
 K - 6 curare-tipped darts (quivered)
 L - 7 throwing nets
 S - 6 javelins
Armour
 a - a +3 buckler of fire resistance (worn)
 k - the +1 robe "Foidye" (worn) {rPois rF+ rC++ MP-9}
   (You took it off a deep elf pyromancer on level 2 of the Elven Halls)

   rF:        It protects you from fire.
   rC:        It greatly protects you from cold.
   rPois:     It protects you from poison.
   MP:        It affects your magic capacity (-9).
 u - a +2 pair of gloves (worn)
 I - a +0 leather armour of cold resistance
 N - a +2 cloak (worn)
 O - a +1 troll leather armour
 Y - a +2 helmet (worn)
Magical Staves
 d - a staff of earth
Jewellery
 h - an amulet of reflection (around neck)
 l - the amulet "Cougupr Feif" {rC+ Regen+ Dex-2 Slay+2}
   (You took it off a deep elf zephyrmancer on level 3 of the Elven Halls)

   [amulet of regeneration]

   Dex:       It affects your dexterity (-2).
   Slay:      It affects your accuracy & damage with ranged weapons and melee
   (+2).
   rC:        It protects you from cold.
   Regen:     It increases your rate of health regeneration.
 o - a ring of see invisible
 r - a ring of willpower (left hand)
 B - a ring of positive energy
 P - a ring of protection from cold (right hand)
 U - a ring of wizardry
 W - a +4 ring of protection
Wands
 x - a wand of light (15)
 E - a wand of mindburst (15)
 F - a wand of charming (56)
 J - a wand of roots (4)
 Q - a wand of digging (2)
 R - a wand of flame (51)
Scrolls
 f - 4 scrolls of immolation
 g - 2 scrolls of fog
 i - a scroll of magic mapping
 p - 7 scrolls of teleportation
 w - 4 scrolls of vulnerability
 A - 3 scrolls of fear
 C - a scroll of summoning
 T - 3 scrolls of silence
 V - 5 scrolls of poison
Potions
 b - 11 potions of brilliance
 c - 22 potions of curing
 j - 8 potions of lignification
 m - 4 potions of resistance
 n - 3 potions of haste
 s - 4 potions of berserk rage
 t - 6 potions of invisibility
 D - 8 potions of ambrosia
 H - 5 potions of might
 M - 11 potions of mutation
Miscellaneous
 e - a phantom mirror


   Skills:
 + Level 17.4 Fighting
 - Level 6.0 Short Blades
 - Level 6.0 Maces & Flails
 - Level 3.0 Throwing
 - Level 10.0 Armour
 + Level 19.0 Dodging
 - Level 2.0 Stealth
 - Level 6.0 Shields
 * Level 19.1 Spellcasting
 - Level 3.0 Invocations
 - Level 3.0 Evocations


You knew the following spells:

 Your Spells              Type           Power      Damage    Failure   Level
a - Foxfire               Conj/Fire      100%       2x1d9     0%          1
b - Scorch                Fire           100%       2d9       0%          2
c - Airstrike             Air            42%        2d(7-23)  0%          4
d - Frozen Ramparts       Ice            100%       1d16      0%          3
e - Inner Flame           Hex/Fire       85%        N/A       0%          3
f - Summon Cactus Giant   Summ           42%        N/A       1%          6
g - Iskenderun's Battles  Conj           85%        2d13      1%          5
h - Summon Small Mammal   Summ           100%       N/A       0%          1
i - Vhi's Electric Charg  Tloc/Air       100%       N/A       0%          3
j - Volatile Blastmotes   Fire/Tloc      100%       2d18      0%          3
k - Blink                 Tloc           100%       N/A       0%          2
l - Eringya's Noxious Bo  Tmut/Pois      42%        N/A       1%          6
r - Borgnjor's Revivific  Necr           42%        N/A       8%          8
s - Storm Form            Tmut/Air       42%        N/A       1%          7
w - Flame Wave            Conj/Fire      85%        2d18      0%          4
Your spell library was empty.

Dungeon Overview and Level Annotations

Branches:
Dungeon (15/15)            Temple (1/1) D:7            Lair (5/5) D:11
 Shoals (4/4) Lair:2       Spider (4/4) Lair:2        Slime (0/5) Lair:4
    Orc (2/2) D:12            Elf (3/3) Orc:2        Vaults (1/5) D:14
 Depths (0/4) D:15         Bailey (visited)

Altars:
Ashenzari
Cheibriados
Dithmenos
Elyvilon
Fedhas
Gozag
Hepliaklqana
Makhleb
Nemelex Xobeh
Okawaru
Qazlal
Ru
Trog
Uskayaw
Wu Jian
Xom
Yredelemnul
Zin
The Shining One
Jiyva

Shops:
D:1 (   D:3 !   D:5 :   D:6 :   D:7 (   D:10 [   D:11 !   Orc:1 =   Orc:2 [?*!
Elf:1 *   Elf:2 *

Annotations:
D:14 exclusion: obsidian statue
D:15 Roxanne
Elf:1 6 runed translucent doors


Innate Abilities, Weirdness & Mutations

You are immune to sickness and miasma.
You are immune to poison.
Your flesh is very heat resistant. (rF++)
You are vulnerable to cold. (rC-)
You float through the air rather than walking.
You learn spells naturally, not from books.
Your magical power is your life essence.
You have superior vitality. (+4 MHP)


Message History

Unknown command.
Casting: Scorch (safe; 0% risk of failure)
Confirm with . or Enter, or press ? or * to list all spells.
You conjure a globe of magical energy.
* * * LOW HITPOINT WARNING * * *
The dire elephant tramples you but does no damage.
The dire elephant closely misses you.
Unknown command.
Casting: Iskenderun's Battlesphere (safe; 1% risk of failure)
Confirm with . or Enter, or press ? or * to list all spells.
Flames lash the dire elephant.
The dire elephant is burned terribly!
The dire elephant is almost dead.
* * * LOW HITPOINT WARNING * * *
Your battlesphere fires!
The barrage of energy hits the dire elephant.
The dire elephant is almost dead.
The dire elephant barely misses you.
The dire elephant completely misses you.
Your cactus giant hits the dire elephant with a +0 giant spiked club!
The dire elephant dies!
Makhleb accepts your kill.
Your Dodging skill increases to level 19!
Unknown command.
You start resting.
A dire elephant comes into view.
You feel better.
As you read the scroll of fear, it crumbles to dust.
You assume a fearsome visage.
The dire elephant resists with almost no effort.
Your cactus giant hits the dire elephant with a +0 giant spiked club!!
As you read the scroll of teleportation, it crumbles to dust.
You feel strangely unstable.
The dire elephant is struck by your cactus giant's spines.
The dire elephant tramples your cactus giant!
Your cactus giant stumbles backwards!
The dire elephant is struck by your cactus giant's spines.
The dire elephant tramples your cactus giant!
Your cactus giant stumbles backwards!
The dire elephant tramples you!!
You die...

..[.##.#.# ....######
....# ######
#...################......
#...#.....#..#....†'.#
#...'.....'..#.....#.#
)...#.....#..#.....# ..
#...#.....#..#.Y†..# .#
#####.....#..#C*@..# k.
#######..####'## ..
#.....†)[...(..# #
#.....)..).....#
##+####[[#######
#..#.....# #..#.....#
#..#.....# #..'.....#


You could see a dire elephant (ally target), a friendly cactus giant (summoned)
and a friendly battlesphere.

Vanquished Creatures
  Bai Suzhen (Elf:3)
  Nikola (Shoals:1)
  Mlioglotl (Shoals:1)
  A deep elf blademaster (Elf:3)
  4 deep elf master archers (Elf:3)
  A sphinx (Vaults:1)
  Frances (Shoals:1)
  Polyphemus (Shoals:3)
  A kraken (Shoals:4)
  Kirke (Lair:4)
  Agnes (Spider:3)
  A fire giant (Vaults:1)
  4 deep elf sorcerers
  Louise (Shoals:3)
  9 emperor scorpions
  4 broodmothers
  3 ghost moths
  4 ironbound preservers (Vaults:1)
  A deep elf elementalist (Elf:3)
  An ironbound thunderhulk (Vaults:1)
  3 deep elf demonologists
  A dire elephant (Vaults:1)
  4 deep elf annihilators (Elf:3)
  4 deep elf death magi
  3 spark wasps (Spider:4)
  5 merfolk impalers
  Josephine (Orc:2)
  2 merfolk javelineers (Shoals:4)
  5 deep elf high priests
  3 entropy weavers
  A yaktaur captain (Vaults:1)
  2 great orbs of eyes (Vaults:1)
  Harold (Lair:2)
  5 ogre magi
  7 hydras
  A catoblepas (Shoals:3)
  2 ironbound frosthearts (Vaults:1)
  A catoblepas (shapeshifter) (D:14)
  6 merfolk avatars
  11 centaur warriors
  19 two-headed ogres
  A boulder beetle (D:13)
  11 death yaks
  2 tengu warriors (D:15)
  28 dancing weapons
  Urug (Lair:2)
  An orc high priest (Elf:1)
  18 deep elf knights
  3 pharaoh ants
  9 skysharks
  16 sea snakes
  A sun moth (Spider:4)
  7 skeletal warriors
  9 orb spiders
  8 deep trolls (Vaults:1)
  A wizard (D:15)
  5 lindwurms
  2 orc knights
  2 ironbound convokers (Vaults:1)
  19 deep elf archers
  14 harpies (Shoals:2)
  10 steelbarb worms
  22 deep elf zephyrmancers
  28 deep elf pyromancers
  An oklob plant (Shoals:2)
  14 ugly things
  8 cyclopes
  15 wolf spiders
  5 fauns
  13 manticores
  15 elephants
  Maurice (D:12)
  3 moths of wrath
  A guardian serpent (shapeshifter) (D:14)
  A black mamba (shapeshifter) (D:14)
  8 merfolk sirens
  5 black mambas
  11 water nymphs
  2 centaur zombies (D:14)
  2 torpor snails (Spider:2)
  7 demonic crawlers
  2 vault sentinels (Vaults:1)
  2 rime drakes
  2 unseen horrors
  Maggie (Lair:2)
  7 cane toads
  2 efreet
  11 komodo dragons
  A kobold demonologist (D:11)
  A yaktaur (Vaults:1)
  3 meliai (D:14)
  A meliai (shapeshifter) (Elf:2)
  4 trolls
  9 wind drakes
  2 polar bears (Lair:5)
  20 tarantellas
  12 merfolk
  2 hornets
  10 dream sheep
  6 snapping turtles
  15 blink frogs
  20 jumping spiders
  18 slime creatures
  3 air elementals
  4 shadows
  6 wraiths
  10 culicivoras
  3 wyverns
  A yak (shapeshifter) (D:15)
  52 yaks
  2 vampires
  6 water elementals
  3 hogs (Lair:4)
  3 steam dragons
  4 fire elementals
  5 basilisks
  3 vampire mosquitoes
  A warg (Orc:1)
  46 redbacks
  2 acid dragons
  Edmund (D:5)
  A two-headed ogre zombie (D:12)
  15 water moccasins
  Duvessa (D:5)
  2 ice beasts
  22 orc warriors
  7 black bears
  2 hornet zombies (D:14)
  11 wolves
  30 ogres
  21 centaurs
  15 kobold brigands
  A phantom (D:7)
  13 bullfrogs
  An earth elemental (Elf:3)
  Blork the orc (D:5)
  A scorpion (D:4)
  3 gnoll sergeants
  4 wights (D:9)
  A troll zombie (D:12)
  10 killer bees
  5 electric eels (Elf:3)
  6 jellies
  A hound (D:4)
  2 quasits (D:14)
  22 orc priests
  An iguana (D:5)
  4 sleepcaps
  2 gnoll boudas
  25 orc wizards
  6 ogre zombies (D:12)
  23 gnolls
  5 adders
  3 shadow imps
  3 white imps
  2 ufetubi
  2 worms
  5 dart slugs
  81 orcs
  4 ball pythons
  10 endoplasms
  10 goblins
  8 hobgoblins
  4 quokkas
  7 bats
  9 frilled lizards
  2 goblin zombies (D:12)
  2 hobgoblin skeletons (D:12)
  4 hobgoblin zombies (D:12)
  56 kobolds
  11 kobold skeletons (D:11)
  7 kobold zombies (D:11)
  2 orc skeletons (D:12)
  15 orc zombies (D:12)
  9 rats
1285 creatures vanquished.

Vanquished Creatures (collateral kills)
  Rupert (D:13)
  A deep elf blademaster (Elf:3)
  A deep elf master archer (Elf:3)
  2 frost giants
  A vault warden (Vaults:1)
  An emperor scorpion (Spider:4)
  A deep elf sorcerer (Elf:3)
  An orc warlord (Orc:2)
  An ironbound thunderhulk (Vaults:1)
  A deep elf demonologist (Elf:1)
  A dire elephant (Vaults:1)
  An entropy weaver (Spider:3)
  2 merfolk javelineers (Shoals:4)
  A merfolk impaler (Shoals:4)
  A hydra (D:15)
  An ogre mage (D:15)
  A jorogumo (Spider:3)
  A merfolk avatar (Shoals:4)
  An alligator snapping turtle (Shoals:4)
  2 dancing weapons (Elf:2)
  6 deep elf knights
  2 skeletal warriors (D:6)
  A pharaoh ant (Spider:4)
  2 sun moths
  2 sea snakes (Shoals:4)
  2 steelbarb worms
  An ironbound convoker (Vaults:1)
  4 deep elf archers
  A harpy (Shoals:4)
  2 deep elf pyromancers
  2 wolf spiders
  4 deep elf zephyrmancers
  A manticore (Shoals:4)
  A water nymph (Shoals:4)
  2 torpor snails (Spider:3)
  2 demonic crawlers (Spider:1)
  A merfolk (Shoals:4)
  3 meliai (Spider:1)
  3 tarantellas
  A wind drake (Shoals:4)
  A jumping spider (Spider:2)
  3 water elementals
  5 slime creatures (D:13)
  A shadow (D:13)
  4 culicivoras
  27 redbacks
  A nameless horror (Orc:2)
  3 ogres (D:15)
  An earth elemental (Elf:1)
  Dowan (D:5)
  A bat (D:2)
  2 goblins (D:9)
  33 foxfires
  3 tentacles (Shoals:4)
152 creatures vanquished.

Vanquished Creatures (others)
  A deep elf knight (Elf:1)
  A sun moth (Spider:2)
  A manticore (Shoals:2)
  A human (Lair:4)
  An orc wizard (D:12)
  3811 foxfires
  5 tentacles (Shoals:4)
3821 creatures vanquished.

Grand Total: 5258 creatures vanquished

Notes
Turn   | Place    | Note
-------+----------+-------------------------------------------
     0 | D:1      | Lobster4 the Djinni Fire Elementalist began the quest for
                  | the Orb.
     0 | D:1      | Lobster4 set off with the following spells memorised:
                  | Foxfire, Scorch, Volatile Blastmotes, Inner Flame, Flame
                  | Wave.
     0 | D:1      | Reached XP level 1. HP: 15/15 MP: 0/0
   262 | D:1      | Reached XP level 2. HP: 18/21 MP: 0/0
   286 | D:1      | Reached XP level 3. HP: 19/26 MP: 0/0
   286 | D:1      | Learned a level 1 spell: Summon Small Mammal
   426 | D:1      | Found Bues's Weapon Emporium.
   481 | D:1      | Reached skill level 1 in Fighting
   624 | D:1      | Reached skill level 1 in Armour
   855 | D:2      | Reached XP level 4. HP: 27/32 MP: 0/0
  1370 | D:3      | Found Odghaorr's Distillery.
  1392 | D:3      | Bought a potion of heal wounds for 60 gold pieces
  1657 | D:3      | Reached skill level 1 in Short Blades
  1903 | D:3      | Reached XP level 5. HP: 29/37 MP: 0/0
  1903 | D:3      | Learned a level 2 spell: Blink
  2035 | D:3      | Bought a potion of brilliance for 48 gold pieces
  2111 | D:4      | Found a glowing silver altar of Zin.
  2171 | D:4      | Reached XP level 6. HP: 35/43 MP: 0/0
  2174 | D:4      | Reached skill level 1 in Throwing
  2356 | D:4      | Noticed an ogre
  2363 | D:4      | Killed an ogre
  2364 | D:4      | Reached XP level 7. HP: 35/49 MP: 0/0
  2364 | D:4      | Learned a level 3 spell: Vhi's Electric Charge
  2884 | D:4      | Reached XP level 8. HP: 10/55 MP: 0/0
  3444 | D:5      | Entered Level 5 of the Dungeon
  3518 | D:5      | Found Donaoz's Book Emporium.
  3569 | D:5      | Noticed Edmund
  3712 | D:5      | Killed Edmund
  3829 | D:5      | Noticed Duvessa
  3829 | D:5      | Noticed Dowan
  4318 | D:5      | Noticed Blork the orc
  4324 | D:5      | Killed Blork the orc
  4412 | D:5      | Killed Dowan
  4464 | D:6      | Noticed a skeletal warrior
  4464 | D:6      | Noticed a skeletal warrior
  4464 | D:6      | Noticed a skeletal warrior
  4752 | D:6      | Reached skill level 5 in Spellcasting
  4818 | D:6      | Found a shimmering altar of Xom.
  4821 | D:6      | Found an iron altar of Okawaru.
  4976 | D:6      | Reached XP level 9. HP: 55/62 MP: 0/0
  4976 | D:6      | Learned a level 3 spell: Frozen Ramparts
  5079 | D:6      | Reached skill level 5 in Dodging
  5079 | D:6      | Reached skill level 1 in Evocations
  5200 | D:6      | Found Camot's Tiny Tomes.
  5505 | D:7      | Noticed a deep elf pyromancer
  5509 | D:7      | Killed a deep elf pyromancer
  5593 | D:7      | Found a staircase to the Ecumenical Temple.
  5602 | Temple   | Entered the Ecumenical Temple
  6019 | Temple   | Became a worshipper of Makhleb the Destroyer
  6213 | D:7      | Found a bloodstained altar of Trog.
  6981 | D:7      | Found Feavolek's Antique Weapon Boutique.
  7261 | D:8      | Noticed a two-headed ogre
  7272 | D:8      | Killed a two-headed ogre
  7273 | D:8      | Reached skill level 5 in Fighting
  7273 | D:8      | Reached skill level 5 in Armour
  7273 | D:8      | Reached XP level 10. HP: 18/70 MP: 0/0
  7736 | D:8      | Reached * piety under Makhleb
  8267 | D:9      | Found a flagged portal.
  8281 | Bailey   | Entered a bailey
  8689 | Bailey   | Identified the +5 plate armour of Qyrrusagho {Str+2}
  8866 | D:9      | Reached ** piety under Makhleb
  8879 | D:9      | Reached skill level 1 in Shields
  8882 | D:9      | Reached skill level 1 in Invocations
  9036 | D:9      | Reached XP level 11. HP: 74/77 MP: 0/0
  9036 | D:9      | Learned a level 4 spell: Airstrike
  9550 | D:10     | Entered Level 10 of the Dungeon
  9554 | D:10     | Found a snail-covered altar of Cheibriados.
  9555 | D:10     | Found Wyshuniu's Antique Armour Shop.
  9581 | D:10     | Found a basalt altar of Yredelemnul.
 10146 | D:10     | Found an opulent altar of Gozag.
 10187 | D:10     | Found a white marble altar of Elyvilon.
 10465 | D:10     | Found a stormy altar of Qazlal.
 11033 | D:11     | Noticed a cyclops
 11074 | D:11     | Killed a cyclops
 11093 | D:11     | Reached *** piety under Makhleb
 11395 | D:11     | Reached XP level 12. HP: 52/85 MP: 0/0
 11491 | D:11     | Found a staircase to the Lair.
 11696 | D:11     | Reached **** piety under Makhleb
 12192 | D:11     | Found Riyppef's Distillery.
 12199 | D:11     | Bought a potion of mutation for 96 gold pieces
 12199 | D:11     | Bought a potion of ambrosia for 96 gold pieces
 12395 | D:12     | Reached ***** piety under Makhleb
 12704 | D:12     | Found a staircase to the Orcish Mines.
 12739 | D:12     | Noticed a two-headed ogre
 12930 | Lair:1   | Entered Level 1 of the Lair of Beasts
 13549 | Lair:2   | Found a hole to the Spider Nest.
 13609 | Lair:2   | Reached skill level 5 in Shields
 13856 | Lair:2   | Noticed Maggie
 13878 | Lair:2   | Killed Maggie
 13923 | Lair:2   | Found a staircase to the Shoals.
 13934 | Lair:2   | Noticed Harold
 13967 | Lair:2   | Reached XP level 13. HP: 71/93 MP: 0/0
 13967 | Lair:2   | Learned a level 5 spell: Iskenderun's Battlesphere
 13968 | Lair:2   | Killed Harold
 13970 | Lair:2   | Noticed Urug
 13981 | Lair:2   | Killed Urug
 13982 | Lair:2   | Reached skill level 10 in Spellcasting
 14738 | Lair:3   | Reached skill level 10 in Dodging
 14944 | Lair:3   | Noticed a five-headed hydra
 14949 | Lair:3   | Killed a five-headed hydra
 15297 | Lair:3   | Noticed a seven-headed hydra
 15318 | Lair:3   | Killed a seven-headed hydra
 15896 | Lair:4   | Noticed Kirke
 15917 | Lair:4   | Noticed a sphinx
 15917 | Lair:4   | Killed Kirke
 16008 | Lair:4   | Reached ****** piety under Makhleb
 16017 | Lair:4   | Reached XP level 14. HP: 94/101 MP: 0/0
 16335 | Lair:4   | Found a viscous altar of Jiyva.
 16337 | Lair:4   | Found a staircase to the Slime Pits.
 17347 | Lair:5   | Entered Level 5 of the Lair of Beasts
 17461 | Lair:5   | Reached skill level 10 in Fighting
 17476 | Lair:5   | Reached skill level 10 in Armour
 18070 | Lair:5   | Reached XP level 15. HP: 109/109 MP: 0/0
 18070 | Lair:5   | Learned a level 6 spell: Summon Cactus Giant
 18614 | Orc:1    | Entered Level 1 of the Orcish Mines
 18730 | Orc:2    | Entered Level 2 of the Orcish Mines
 19521 | Orc:2    | Found a staircase to the Elven Halls.
 19532 | Orc:2    | Noticed Josephine
 19540 | Orc:2    | Killed Josephine
 19562 | Orc:2    | Found Iqulojyo's Magic Scroll Shop.
 19563 | Orc:2    | Found Tunostre's Distillery.
 19563 | Orc:2    | Found Ollosk's Assorted Antiques.
 19563 | Orc:2    | Found Zakahoc's Antique Armour Emporium.
 19768 | Orc:1    | Noticed an orc warlord
 19831 | Orc:2    | Killed an orc warlord
 19956 | Orc:1    | Found Guf Isastra's Jewellery Emporium.
 20047 | Orc:1    | Found a bloodstained altar of Trog.
 20103 | Orc:2    | Bought a potion of experience for 700 gold pieces
 20103 | Orc:2    | Reached skill level 5 in Short Blades
 20103 | Orc:2    | Reached XP level 16. HP: 118/118 MP: 0/0
 20181 | D:13     | Noticed Rupert
 20562 | D:13     | Noticed Maurice
 20598 | D:12     | Killed Maurice
 20670 | D:13     | Killed Rupert
 21286 | D:14     | Reached XP level 17. HP: 118/123 MP: 0/0
 21286 | D:14     | Learned a level 6 spell: Eringya's Noxious Bog
 22084 | D:14     | Found a broken altar of Ashenzari.
 22474 | D:14     | Found a gate to the Vaults.
 22588 | D:14     | Found a hide-covered altar of Uskayaw.
 22698 | D:15     | Entered Level 15 of the Dungeon
 22984 | D:15     | Identified a scroll of acquirement
 22991 | D:15     | Acquired a +0 quick blade of electrocution
 23208 | D:15     | Noticed Roxanne
 23619 | D:15     | Found a staircase to the Depths.
 24267 | D:5      | Killed Duvessa
 24748 | Shoals:1 | Entered Level 1 of the Shoals
 24833 | Shoals:1 | Noticed Nikola
 24840 | Shoals:1 | Noticed Frances
 24853 | Shoals:1 | Killed Nikola
 24853 | Shoals:1 | Killed Frances
 24855 | Shoals:1 | Noticed Mlioglotl
 25092 | Shoals:1 | Reached XP level 18. HP: 126/132 MP: 0/0
 25265 | Shoals:1 | Killed Mlioglotl
 25754 | Shoals:2 | Reached skill level 15 in Spellcasting
 25940 | Shoals:2 | Reached skill level 15 in Dodging
 26841 | Shoals:3 | Noticed Polyphemus
 26874 | Shoals:3 | HP: 4/135 [sea snake (17)]
 27195 | Shoals:3 | Noticed Louise
 27408 | Shoals:3 | Killed Polyphemus
 27521 | Shoals:3 | Killed Louise
 27911 | Shoals:4 | Entered Level 4 of the Shoals
 28287 | Shoals:4 | Noticed a kraken
 28306 | Shoals:4 | Killed a kraken
 28309 | Shoals:4 | Reached XP level 19. HP: 67/141 MP: 0/0
 28309 | Shoals:4 | Learned a level 7 spell: Storm Form
 28587 | Shoals:4 | HP: 4/141 [merfolk javelineer/silver javelin (12)]
 28587 | Shoals:4 | HP: 1/141 [merfolk javelineer/silver javelin (3)]
 28762 | Shoals:4 | Got a barnacled rune of Zot
 29096 | Shoals:4 | Identified the +9 mace of Egomania {spect, Fragile rCorr
                  | Dex+5 SInv}
 29414 | Spider:1 | Entered Level 1 of the Spider Nest
 29663 | Spider:1 | Reached skill level 1 in Maces & Flails
 30398 | Spider:2 | Reached skill level 15 in Fighting
 31694 | Spider:3 | Noticed Agnes
 31701 | Spider:3 | Killed Agnes
 32564 | Spider:4 | Entered Level 4 of the Spider Nest
 32593 | Spider:3 | Reached XP level 20. HP: 88/149 MP: 0/0
 33764 | Spider:4 | Got a gossamer rune of Zot
 34242 | Elf:1    | Entered Level 1 of the Elven Halls
 34521 | Elf:1    | Reached skill level 5 in Maces & Flails
 35025 | Elf:1    | Identified the +11 shadow dragon scales of the Lobster
                  | {Rampage rElec Int+2 Dex+5 Stlth++++}
 35033 | Elf:1    | Reached XP level 21. HP: 94/157 MP: 0/0
 35033 | Elf:1    | Learned a level 8 spell: Borgnjor's Revivification
 35142 | Elf:1    | Found a runed translucent gate.
 35142 | Elf:1    | Found a runed translucent gate.
 35142 | Elf:1    | Found a runed translucent gate.
 35142 | Elf:1    | Found a runed translucent gate.
 35142 | Elf:1    | Found a runed translucent gate.
 35147 | Elf:1    | Found a runed translucent gate.
 35194 | Elf:1    | Found Moirphe's Assorted Antiques.
 35201 | Elf:1    | Bought a scroll of magic mapping for 202 gold pieces
 35299 | Elf:1    | Paralysed by an air elemental for 1 turns
 35599 | Elf:2    | Found Losat's General Store.
 35803 | Elf:2    | Identified the +1 robe "Foidye" {rPois rF+ rC++ MP-9}
 35828 | Elf:2    | Paralysed by an air elemental for 1 turns
 35900 | Elf:2    | Found a runed translucent gate.
 35900 | Elf:2    | Found a runed translucent gate.
 35901 | Elf:2    | Found a runed translucent gate.
 36216 | Elf:2    | HP: 5/158 [+0 double sword of freezing (8)]
 36807 | Elf:3    | Entered Level 3 of the Elven Halls
 37241 | Elf:3    | Paralysed by an air elemental for 1 turns
 37763 | Elf:3    | Noticed Bai Suzhen
 37815 | Elf:3    | Killed Bai Suzhen
 38412 | Elf:3    | Identified the +5 long sword of Liod {heavy, rF+ Int+5}
 38412 | Elf:3    | Identified the amulet "Rezefext" {Faith Will+}
 38427 | Elf:3    | Reached XP level 22. HP: 144/166 MP: 0/0
 38432 | Elf:3    | Identified the amulet "Cougupr Feif" {rC+ Regen+ Dex-2
                  | Slay+2}
 38753 | Elf:3    | Identified the +8 sling of Responsibility {heavy, rElec
                  | Dex+2}
 38770 | Elf:3    | Identified the staff of poison "Neom" {+Blink rPois Dex+2
                  | Stlth-}
 38782 | Elf:3    | Identified the +1 chain mail of Magic {rPois rF++ rC-
                  | Dex+3}
 38871 | Elf:3    | Identified the +0 pair of boots of the Grue {Rampage rElec
                  | Regen+ Dex+4}
 38888 | Elf:3    | Identified the staff of poison "Enecs" {rPois rF++}
 38889 | Elf:3    | Identified the staff of earth "Sallixupt" {Dex+4}
 39202 | Vaults:1 | Entered Level 1 of the Vaults
 40298 | Vaults:1 | Slain by a dire elephant

Illustrated notes

Levels and vault maps discovered:
D:1:      dpeg_arrival_concentric_ovals, layout_loops_ring, serial_shops, shop
D:2:      layout_rooms
D:3:      layout_rooms, serial_shops, shop, kennysheep_generic_room_12
D:4:      layout_loops_ring, zin_statuary, hellmonk_no_cap
D:5:      layout_basic, serial_shops, nicolae_shop_peninsula, dk_noncrumbling_2,
          uniq_duvessa, uniq_edmund, uniq_blork_the_orc
D:6:      layout_loops_ring, nicolae_overflow_hidden_temple,
          nicolae_shop_i_like_small_books_too
D:7:      layout_gridville, mainiacjoe_overflow_tiny_flanked,
          trog_hazing_becter, minmay_temple_entry_slanted, serial_shops, shop
D:8:      layout_basic
D:9:      layout_cross, enter_bailey_3
D:10:     layout_basic, grunt_gozag_statues, mainiacjoe_overflow_paths,
          mainiacjoe_overflow_catwalk, mainiacjoe_overflow_alcove_4,
          nicolae_overflow_crystal_walls, serial_shops, shop,
          serial_co_window_serial, co_window_of_opportunity_a,
          co_window_corner_a, co_window_of_opportunity_a, co_window_corner_a,
          co_window_paths_a, co_window_of_opportunity_b, co_window_broadway_a,
          co_window_broadway_b, co_window_4corner_a
D:11:     wander_kiku_kobolds, layout_loops_ring, due_lair_maze_entry_diamond,
          serial_shops, nicolae_shop_tiny_statue_garden, abandoned_shop
D:12:     layout_basic, zombieorc2_lemuel
D:13:     layout_loops_ring, minmay_gold_behind_fungi, uniq_rupert, uniq_maurice
D:14:     kennysheep_kobold_grotto, layout_irregular_city, david_vaults_2,
          serial_undead, serial_undead_c, serial_undead_b, serial_undead_d,
          serial_undead_c, lemuel_coloured_pillars_altar, ashenzari_altar_1
D:15:     grunt_enter_depths_snipers, layout_stronghold,
          chequers_serial_rivers_micro_a, uniq_roxanne
Temple:   minmay_temple_forest_path
Lair:1:   layout_loops_ring
Lair:2:   layout_cave_pods, minmay_shoals_entry_centaurs, dummy_spider_entry,
          serial_bayou_shore_b, uniq_maggie, uniq_harold, uniq_urug
Lair:3:   layout_concentric_octagons, dreamdust_deal_with_the_devil,
          columned_hall_lemuel, st_stairs_11
Lair:4:   layout_small_grid, slime_entry_1, uniq_kirke
Lair:5:   gammafunk_lair_ancient_temple, layout_loops_ring, basic_altar,
          grunt_forest_stairs_basic, st_stairs_7
Shoals:1: layout_shoals, uniq_mlioglotl, uniq_frances, uniq_nikola
Shoals:2: layout_shoals, lemuel_oklob_altar
Shoals:3: layout_shoals, uniq_polyphemus, uniq_louise
Shoals:4: shoals_end_grunt_ice, layout_shoals, nicolae_shoals_nautilus_by_nature
Spider:1: layout_cave_pods
Spider:2: nicolae_spider_hilbert_zone_4 [nicolae_spider_hilbert_4_sides_2_open,
          nicolae_spider_hilbert_4_sides_1_open,
          nicolae_spider_hilbert_4_sides_1_open,
          nicolae_spider_hilbert_4_sides_1_open,
          nicolae_spider_hilbert_4_sides_1_open,
          nicolae_spider_hilbert_2_sides_1_open,
          nicolae_spider_hilbert_2_sides_1_open,
          nicolae_spider_hilbert_2_sides_1_open,
          nicolae_spider_hilbert_2_sides_1_open,
          nicolae_spider_hilbert_6_sides_1_open,
          nicolae_spider_hilbert_6_sides_1_open,
          nicolae_spider_hilbert_3_sides_1_open,
          nicolae_spider_hilbert_3_sides_1_open]
Spider:3: layout_cave_pods, uniq_agnes
Spider:4: guppyfry_spider_rune, nicolae_spider_baby_got_redback
Orc:1:    layout_caves, basic_altar, minmay_shop_enchanted_jewellery,
          abandoned_shop
Orc:2:    st_orc_ogre_mass, layout_caves, basic_altar, nicolae_orc_lava_room,
          uniq_josephine
Elf:1:    layout_loops_ring, serial_shops, nicolae_shop_stone, orc_legates
Elf:2:    nicolae_elf_blades_splatter_lattice
          [nicolae_blade_entry_crossed_weapons], layout_geoelf_octagon,
          serial_shops, nicolae_square_shop
Elf:3:    minmay_elf_hall, layout_geoelf_castle, minivault_23, uniq_bai_suzhen
Vaults:1: vaults_dpeg_emergency_exit, nicolae_vaults_stairing_the_circle,
          grunt_vaults_hallway_short, nicolae_vaults_little_squares_6,
          grunt_vaults_diagonal, ontoclasm_vaults_fault,
          nicolae_vaults_tetromino_Z_2, vaults_dpeg_ring,
          nicolae_vaults_tetromino_L_1, nicolae_vaults_big_ls,
          nicolae_vaults_surprise_closet, nicolae_vaults_little_ls,
          nicolae_vaults_security_offices_6, nicolae_vaults_yaktaur_gun_rack,
          v_rooms_5, hangedman_vaults_pinch, nicolae_vaults_octothorpe,
          layout_vaults_omnibox

Skill      XL: |  1  2  3  4  5  6  7  8  9 10 11 12 13 14 15 16 17 18 19 20 21 22 |
---------------+-------------------------------------------------------------------+-----
Fighting       | 1 2 3 5 6 7 8 9 10 11 12 13 14 15 16 17 | 17.4
Armour         | 1 2 3 5 6 7 8 9 10 | 10.0
Stealth        | 2 |  2.0
Spellcasting   | 3 4 5 6 7 8 9 10 12 13 14 15 16 17 18 19 | 19.1
Short Blades   | 1 2 3 5 6 |  6.0
Throwing       | 1 2 3 |  3.0
Dodging        | 3 4 6 7 8 9 10 11 13 14 15 16 17 18 19 | 19.0
Evocations     | 3 |  3.0
Shields        | 1 3 5 6 |  6.0
Invocations    | 1 3 |  3.0
Maces & Flails | 3 5 6 |  6.0

Action                     |  1- 3 |  4- 6 |  7- 9 | 10-12 | 13-15 | 16-18 | 19-21 | 22-24 || total
---------------------------+-------+-------+-------+-------+-------+-------+-------+-------++-------
  Melee: Short sword       |     1 |       |       |       |       |       |       |       ||     1
         Dagger            |       |       |       |    13 |    11 |    20 |       |       ||    44
         Punch             |       |       |       |     1 |       |       |       |       ||     1
         Quick blade       |       |       |       |       |       |    10 |    12 |       ||    22
         Mace              |       |       |       |       |       |       |    11 |       ||    11
   Cast: Foxfire           |    55 |    90 |   232 |   380 |   377 |   648 |   411 |       ||  2193
         Scorch            |    10 |    22 |    66 |   256 |   321 |   343 |   484 |    74 ||  1576
         Summon Small Mamm |       |     2 |       |     2 |     1 |       |       |       ||     5
         Frozen Ramparts   |       |       |       |    31 |    20 |    15 |    11 |     4 ||    81
         Airstrike         |       |       |       |     9 |    24 |    50 |   221 |    63 ||   367
         Flame Wave        |       |       |       |     2 |    10 |     7 |     9 |     8 ||    36
         Blink             |       |       |       |     1 |     2 |     2 |     1 |       ||     6
         Iskenderun's Batt |       |       |       |       |    64 |    94 |   101 |     9 ||   268
         Inner Flame       |       |       |       |       |     2 |       |     4 |       ||     6
         Summon Cactus Gia |       |       |       |       |     1 |    20 |    93 |    10 ||   124
         Eringya's Noxious |       |       |       |       |       |     5 |    50 |     3 ||    58
  Evoke: Wand              |       |       |     3 |     4 |       |       |       |       ||     7
         Phantom mirror    |       |       |       |       |       |       |     1 |       ||     1
    Use: Scroll            |       |     5 |     7 |    14 |    11 |    10 |    11 |     3 ||    61
         Potion            |       |       |     1 |     1 |     5 |     5 |     4 |     1 ||    17
   Stab: Sleeping          |       |       |       |       |       |     1 |       |       ||     1
 Armour: Robe              |       |     3 |     6 |       |       |       |       |    11 ||    20
         Steam dragon scal |       |       |     5 |    45 |       |       |       |       ||    50
         Troll leather arm |       |       |       |    27 |    69 |   101 |   149 |     6 ||   352
  Dodge: Dodged            |     2 |     4 |    35 |   164 |   126 |   203 |   492 |    71 ||  1097
  Block: Buckler           |       |       |       |       |    93 |   162 |   322 |    56 ||   633
         Other             |       |       |       |       |     7 |       |       |       ||     7
         Reflection        |       |       |       |       |     1 |    31 |    43 |     5 ||    80
